 Dungeon Crawl Stone Soup version 0.27-a0-1591-gc56fcc985a (webtiles) character file.

Game seed: 16509188725865367003

46619 lunkers the Eclecticist (level 14, -2/124 HPs)
             Began as a Djinni Earth Elementalist on July 19, 2021.
             Was a High Priest of Ashenzari.
             Slain by a dire elephant (21 damage)
             ... on level 6 of the Lair of Beasts.
             The game lasted 00:30:33 (25733 turns).

lunkers the Eclecticist (DjEE)                     Turns: 25733, Time: 00:30:34

Health: -2/124     AC: 11    Str:  7    XL:     14   Next: 77%
Gold:   1316       EV:  8    Int: 37    God:    Ashenzari [*****.] SH:  5 Dex: 14

rFire    + + .     SeeInvis +   v - +7 falchion "Celestial Scepticism" {vorpal, rCorr, Self, Cun} (curse)
rCold    x . .     Faith    .   s - +0 buckler of Panopticon {Range, Evo} (curse)
rNeg     . . .     Spirit   .   m - +1 scale mail of Toth-Mos's Legacy {Int+6, Melee, Evo} (curse)
rPois    ∞         Reflect  .   L - +1 helmet of the Prescient Stars {Int+3, Self, Fort} (curse)
rElec    .         Harm     .   z - +0 cloak of Ashenzari's Stars {Stlth+, Self, Range} (curse)
rCorr    +         Rampage  .   b - +0 pair of gloves of Panopticon {archery, Self, Range} (curse)
Will     +....     Clarity  +   (boots unavailable)
Stlth    ++........             (no amulet)
HPRegen  0.30/turn              f - ring of the Unveiling Seeker {Int+6, Melee, Self} (curse)
MPRegen  0.00/turn              N - ring of the Mantic Negation {Wiz, Melee, Cun} (curse)

@: about to teleport, flying
A: sickness immunity, fire resistance 2, cold vulnerability 1, float, innate
caster, hp casting, extra vitality 1
a: Renounce Religion, Curse Item, Shatter the Chains


You were on level 6 of the Lair of Beasts.
You worshipped Ashenzari.
Ashenzari was extremely pleased with you.
You visited 3 branches of the dungeon, and saw 15 of its levels.
You also visited: Bailey.

You collected 1316 gold pieces.

Inventory:

Hand Weapons
 v - the cursed +7 falchion "Celestial Scepticism" (weapon) {vorpal, rCorr, Self, Cun}
   (You found it on level 4 of the Dungeon)

   It inflicts extra damage upon your enemies.
   rCorr:     It protects you from acid and corrosion.
   It has a curse which improves the following skills: Introspection: Fighting
   and Spellcasting.
   Cunning:   Dodging and Stealth.
 J - the +4 long sword of Exhibitionism {flame, rN++ Str-4 Stlth+}
   (You took it off a meliai on level 8 of the Dungeon)

   It burns those it strikes, dealing additional fire damage.
   Big, fiery blades are also staple armaments of hydra-hunters.
   Str:       It affects your strength (-4).
   rN:        It greatly protects you from negative energy.
   Stlth:     It makes you more stealthy.
Missiles
 c - 428 stones
 D - a curare-tipped dart
 P - 2 atropa-tipped darts
Armour
 b - the cursed +0 pair of gloves of Panopticon (worn) {archery, Self, Range}
   (You found it on level 8 of the Dungeon)

   It has a curse which improves the following skills: Introspection: Fighting
   and Spellcasting.
   Ranged Combat: Slings, Bows, Crossbows and Throwing.
 m - the cursed +1 scale mail of Toth-Mos's Legacy (worn) {Int+6, Melee, Evo}
   (You found it in a bailey)

   Int:       It affects your intelligence (+6).
   It has a curse which improves the following skills: Melee Combat: Short
   Blades, Long Blades, Axes, Maces & Flails, Polearms, Staves and Unarmed
   Combat.
   Evocations: Evocations.
 s - the cursed +0 buckler of Panopticon (worn) {Range, Evo}
   (You found it on level 3 of the Dungeon)

   It has a curse which improves the following skills: Ranged Combat: Slings,
   Bows, Crossbows and Throwing.
   Evocations: Evocations.
 y - a scarf of invisibility
 z - the cursed +0 cloak of Ashenzari's Stars (worn) {Stlth+, Self, Range}
   (You took it off Crazy Yiuf on level 4 of the Dungeon)

   It has a curse which improves the following skills: Introspection: Fighting
   and Spellcasting.
   Ranged Combat: Slings, Bows, Crossbows and Throwing.
 H - +0 steam dragon scales
 L - the cursed +1 helmet of the Prescient Stars (worn) {Int+3, Self, Fort}
   (You found it on level 8 of the Dungeon)

   It has a curse which improves the following skills: Introspection: Fighting
   and Spellcasting.
   Fortitude: Armour and Shields.
 S - a +2 pair of gloves
 W - a +2 hat
Magical Staves
 K - a staff of cold
Jewellery
 f - the cursed ring of the Unveiling Seeker (left hand) {Int+6, Melee, Self}
   (You found it on level 1 of the Dungeon)

   [ring of intelligence]

   Int:       It affects your intelligence (+6).
   It has a curse which improves the following skills: Melee Combat: Short
   Blades, Long Blades, Axes, Maces & Flails, Polearms, Staves and Unarmed
   Combat.
   Introspection: Fighting and Spellcasting.
 j - a ring of willpower
 F - a +6 ring of strength
 N - the cursed ring of the Mantic Negation (right hand) {Wiz, Melee, Cun}
   (You found it on level 1 of the Lair of Beasts)

   [ring of wizardry]

   It improves your spell success rate.
   It has a curse which improves the following skills: Melee Combat: Short
   Blades, Long Blades, Axes, Maces & Flails, Polearms, Staves and Unarmed
   Combat.
   Cunning:   Dodging and Stealth.
 O - a ring of fire
 R - a ring of willpower
Wands
 r - a wand of digging (8)
 w - a wand of paralysis (25)
 C - a wand of flame (58)
 E - a wand of acid (8)
 M - a wand of mindburst (11)
Scrolls
 e - 5 scrolls of enchant armour
 g - 12 scrolls of identify
 k - 3 scrolls of enchant weapon
 n - a scroll of teleportation
 u - 2 scrolls of amnesia
 x - 2 scrolls of immolation
 A - a scroll of summoning
 Q - a scroll of fog
 X - a scroll of brand weapon
Potions
 a - a potion of invisibility
 d - 2 potions of brilliance
 h - a potion of might
 i - 2 potions of lignification
 l - 3 potions of attraction
 o - 2 potions of flight
 p - 4 potions of heal wounds
 t - 3 potions of mutation
 B - 4 potions of berserk rage
 G - 4 potions of curing
 I - a potion of magic
 T - 2 potions of resistance
 U - a potion of ambrosia
 V - 2 potions of haste
Miscellaneous
 q - a box of beasts


   Skills:
 + Level 12.9(19.7) Fighting
 - Level 2.1(5.1) Dodging
 - Level 1.5(4.2) Stealth
 - Level 4.0(6.4) Shields
 * Level 15.3(21.9) Spellcasting


You had 27 spell levels left.
You knew the following spells:

 Your Spells              Type           Power      Damage    Failure   Level
a - Stone Arrow           Conj/Erth      100%       3d13      0%          3
b - Passwall              Tmut/Erth      96%        N/A       0%          2
c - Sandblast             Erth           100%       2d20      0%          1
d - Petrify               Tmut/Erth      100%       N/A       0%          4
e - Sting                 Tmut/Pois      100%       1d8       0%          1
f - Wereblood             Tmut           100%       N/A       0%          2
g - Call Canine Familiar  Summ           100%       N/A       0%          3
h - Confusing Touch       Hex            100%       N/A       0%          3
i - Iskenderun's Battles  Conj           100%       2d15      1%          5
j - Manifold Assault      Tloc           100%       N/A       1%          5
Your spell library was empty.

Dungeon Overview and Level Annotations

Branches:
Dungeon (8/15)             Temple (1/1) D:6            Lair (6/6) D:8
 Shoals (0/4) Lair:4        Snake (0/4) Lair:2        Slime (0/5) Lair:6
 Bailey (visited)

Altars:
Ashenzari
Cheibriados
Dithmenos
Elyvilon
Fedhas
Gozag
Hepliaklqana
Kikubaaqudgha
Makhleb
Nemelex Xobeh
Okawaru
Qazlal
Ru
Sif Muna
Trog
Uskayaw
Vehumet
Wu Jian
Xom
Yredelemnul
Zin
The Shining One

Shops:
D:2 *

Annotations:
D:3 3 runed translucent doors, flotson's ghost, weakling DsDe
D:7 2 transporters, Snikeer's ghost, novice GnIE


Innate Abilities, Weirdness & Mutations

You are immune to sickness and miasma.
You are immune to poison.
Your flesh is very heat resistant. (rF++)
You are vulnerable to cold. (rC-)
You float through the air rather than walking.
You learn spells naturally, not from books.
Your magical power is your life essence.
You have superior vitality. (+4 HP)


Message History

The elephant simulacrum tramples you! The elephant simulacrum freezes you!!!
You feel a terrible chill!
* * * LOW HITPOINT WARNING * * *
The elephant simulacrum trunk-slaps you but does no damage.
You are too injured to fight recklessly!
Unknown command.
The elephant tramples you!
* * * LOW HITPOINT WARNING * * *
You are shoved backwards!
The elephant simulacrum barely misses you.
The elephant simulacrum trunk-slaps you but does no damage.
You swap places.
The elephant tramples your battlesphere!
Your battlesphere is shoved backwards!
The elephant's soul is no longer bound.
The elephant tramples your battlesphere!!
Your battlesphere holds its ground!
Your battlesphere is destroyed!
The elephant's soul is no longer bound.
The dire elephant tramples you but does no damage.
The dire elephant closely misses you.
As you read the scroll of teleportation, it crumbles to dust.
You feel strangely unstable. The dire elephant tramples you!
* * * LOW HITPOINT WARNING * * *
You hold your ground!
The dire elephant trunk-slaps you but does no damage.
Unknown command.
Casting: Stone Arrow (safe; 0% risk of failure)
Confirm with . or Enter, or press ? or * to list all spells.
Okay, then.
You block the elephant's attack. x2; You block the dire elephant's attack.
The dire elephant trunk-slaps you!
* * * LOW HITPOINT WARNING * * *
Unknown command.
The elephant tramples you.
* * * LOW HITPOINT WARNING * * *
You hold your ground!
The elephant trunk-slaps you but does no damage.
The dire elephant tramples you!!
You die...

......#....≈#....................
......'######....................
.................................
...........................[.....
.................................
.................................
...................♣.............
...♣########'''########♣P......♣#
..###..........Y@YY.Y.###...P♣##
###P.P#####8.⌠P8#####...###♣♣##.
###.###≈.###8P8###..###.#######..
...P#≈{≈≈.#######8....#.Y..####.P
P####.≈≈≈≈#8...8#)(...####....#+#
##.8#.≈≈≈≈'...(!#"$..)#†{####Y..#
..(.'.YZ≈≈'...!)#8....'...ZZ#{#..
...8##.p≈##8...8##...##.........8
'######*## ** ##*#########♣♣♣.


You could see a dire elephant and 3 elephants.

Vanquished Creatures
  A dire elephant (Lair:5)
  Erica (Lair:2)
  3 hydras
  2 catoblepae
  A two-headed ogre (D:8)
  A centaur warrior (D:8)
  10 death yaks
  A spectral death yak (Lair:6)
  A spectral anaconda (Lair:6)
  2 necromancers (Lair:6)
  2 oklob plants (Lair:5)
  16 elephants
  7 black mambas
  A dire elephant zombie (Lair:6)
  A torpor snail (Lair:5)
  11 cane toads
  Maggie (D:8)
  2 rime drakes
  A kobold demonologist (D:7)
  4 komodo dragons
  4 polar bears
  A troll (D:8)
  9 blink frogs
  A hornet (D:7)
  A meliai (D:8)
  2 slime creatures (Lair:6)
  7 dream sheep (Lair:5)
  Sigmund (D:4)
  5 wyverns
  33 yaks
  A basilisk (Lair:4)
  2 nagas (Lair:2)
  3 wargs
  12 water moccasins
  An acid dragon (D:8)
  2 spectral cane toads (Lair:6)
  Duvessa (D:7)
  4 orc warriors
  3 sky beasts
  A black bear (Lair:1)
  An ice beast (D:5)
  5 centaurs
  2 necrophages
  21 wolves
  An ogre (D:4)
  2 phantoms (D:5)
  Blork the orc (D:6)
  3 kobold brigands
  10 bullfrogs
  A scorpion (D:4)
  Dowan (D:7)
  A wyvern skeleton (D:7)
  A water moccasin skeleton (D:5)
  2 elephant simulacra (Lair:6)
  4 hounds
  3 jellies
  Crazy Yiuf (D:4)
  A centaur skeleton (D:4)
  5 orc priests
  2 iguanas
  5 orc wizards
  6 hell rats (Lair:5)
  2 killer bee zombies
  A hound skeleton (D:4)
  14 adders
  7 gnolls
  A shadow imp (D:8)
  An ufetubus (D:4)
  3 worms
  2 dart slugs (D:4)
  15 orcs
  5 ball pythons
  5 endoplasms
  10 goblins
  7 hobgoblins
  2 jackals (D:1)
  2 quokkas
  3 bats
  A frilled lizard (D:2)
  30 kobolds
  4 rats
357 creatures vanquished.

Vanquished Creatures (others)
  20 fungi
  34 plants
  24 withered plants (Lair:6)
78 creatures vanquished.

Grand Total: 435 creatures vanquished

Notes
Turn   | Place    | Note
-------+----------+-------------------------------------------
     0 | D:1      | lunkers the Djinni Earth Elementalist began the quest for
                  | the Orb.
     0 | D:1      | Reached XP level 1. HP: 15/15 MP: 0/0
   366 | D:1      | Reached XP level 2. HP: 20/21 MP: 0/0
   567 | D:1      | Reached skill level 3 in Spellcasting
   789 | D:2      | Reached XP level 3. HP: 22/25 MP: 0/0
   789 | D:2      | Learned a level 1 spell: Sting
   843 | D:2      | Reached XP level 4. HP: 19/31 MP: 0/0
  1335 | D:2      | Reached skill level 4 in Spellcasting
  1526 | D:2      | Reached XP level 5. HP: 25/35 MP: 0/0
  1526 | D:2      | Learned a level 2 spell: Wereblood
  1718 | D:2      | Found Hatwud's Assorted Antiques.
  2845 | D:2      | Found a faded altar of an unknown god.
  3017 | D:3      | Noticed flotson's ghost (weakling DsDe)
  3026 | D:3      | Found a runed translucent gate.
  3026 | D:3      | Found a runed translucent gate.
  3026 | D:3      | Found a runed translucent gate.
  3069 | D:3      | Noticed a necrophage
  3073 | D:3      | Killed a necrophage
  3074 | D:3      | Reached skill level 5 in Spellcasting
  3074 | D:3      | Reached XP level 6. HP: 34/40 MP: 0/0
  4119 | D:4      | Identified the +7 falchion of Winter {vorpal, rCorr}
  4228 | D:4      | Reached XP level 7. HP: 39/45 MP: 0/0
  4228 | D:4      | Learned a level 3 spell: Call Canine Familiar
  4366 | D:4      | Noticed Sigmund
  4392 | D:4      | Found a broken altar of Ashenzari.
  4397 | D:4      | Killed Sigmund
  4398 | D:4      | Reached skill level 6 in Spellcasting
  4731 | D:4      | Found a runed translucent door.
  4732 | D:4      | Noticed Crazy Yiuf
  4798 | D:4      | Paralysed by a goblin for 3 turns
  5010 | D:4      | Reached XP level 8. HP: 27/50 MP: 0/0
  5145 | D:4      | Noticed a wyvern
  5149 | D:4      | Killed a wyvern
  5150 | D:4      | Reached skill level 7 in Spellcasting
  5511 | D:4      | Killed Crazy Yiuf
  5566 | D:5      | Entered Level 5 of the Dungeon
  5572 | D:5      | Reached skill level 1 in Fighting
  5572 | D:5      | Reached skill level 1 in Shields
  5973 | D:5      | Reached XP level 9. HP: 50/59 MP: 0/0
  5973 | D:5      | Learned a level 3 spell: Confusing Touch
  6239 | D:5      | Reached skill level 8 in Spellcasting
  7387 | D:6      | Found a staircase to the Ecumenical Temple.
  7399 | Temple   | Entered the Ecumenical Temple
  7784 | D:4      | Became a worshipper of Ashenzari the Shackled
  8131 | D:6      | Noticed Blork the orc
  8138 | D:6      | Killed Blork the orc
  8198 | D:6      | Identified the +1 scale mail of the Lion {Drain rC++ Dex+6}
  9307 | D:7      | Noticed a hornet
  9309 | D:7      | Killed a hornet
  9358 | D:7      | Reached * piety under Ashenzari
  9396 | D:7      | Noticed a kobold demonologist
  9401 | D:7      | Killed a kobold demonologist
  9402 | D:7      | Reached skill level 9 in Spellcasting
  9402 | D:7      | Reached XP level 10. HP: 52/72 MP: 0/0
  9405 | D:7      | Reached skill level 5 in Fighting
  9605 | D:7      | Noticed Duvessa
  9607 | D:7      | Noticed Dowan
  9608 | D:7      | Killed Duvessa
  9611 | D:7      | Killed Dowan
  9921 | D:7      | Found a transporter.
  9921 | D:7      | Noticed a two-headed ogre
  9921 | D:7      | Noticed a cyclops
  9924 | D:7      | Noticed a moth of wrath
  9925 | D:7      | Found a bloodstained altar of Trog.
  9925 | D:7      | Noticed Snikeer's ghost (novice GnIE)
  9932 | D:7      | Found a transporter.
 10466 | D:8      | Found a staircase to the Lair.
 10718 | D:8      | Found a flagged portal.
 10753 | Bailey   | Entered a bailey
 11069 | Bailey   | Identified the +1 scale mail of Fibifritt {Int+6}
 11096 | Bailey   | Found an iron altar of Okawaru.
 11264 | D:8      | Reached skill level 10 in Spellcasting
 11280 | D:8      | Reached ** piety under Ashenzari
 11494 | D:8      | Noticed Maggie
 11499 | D:8      | Killed Maggie
 11719 | D:8      | Noticed a catoblepas
 12167 | D:8      | Identified the +4 long sword of Exhibitionism {flame, rN++
                  | Str-4 Stlth+}
 12189 | D:8      | Noticed a centaur warrior
 12200 | D:8      | Killed a centaur warrior
 12201 | D:8      | Reached XP level 11. HP: 7/82 MP: 0/0
 12201 | D:8      | Learned a level 5 spell: Iskenderun's Battlesphere
 12306 | D:8      | Noticed a purple ugly thing
 12755 | D:8      | Killed a catoblepas
 12798 | D:8      | Identified the +1 robe of Vekaepip {Dex+3}
 12940 | D:8      | Noticed a two-headed ogre
 12952 | D:8      | Killed a two-headed ogre
 12953 | D:8      | Reached skill level 11 in Spellcasting
 13428 | Lair:1   | Entered Level 1 of the Lair of Beasts
 14891 | Lair:2   | Reached *** piety under Ashenzari
 15039 | Lair:2   | Noticed Erica
 15045 | Lair:2   | Killed Erica
 15212 | Lair:2   | Found an opulent altar of Gozag.
 15276 | Lair:2   | Found a staircase to the Snake Pit.
 15480 | Lair:2   | Reached XP level 12. HP: 89/95 MP: 0/0
 15795 | Lair:3   | Reached skill level 12 in Spellcasting
 16035 | Lair:3   | Noticed a four-headed hydra
 16063 | Lair:3   | Killed a four-headed hydra
 16419 | Lair:3   | Reached **** piety under Ashenzari
 16947 | Lair:3   | Reached ***** piety under Ashenzari
 17733 | Lair:4   | Found a staircase to the Shoals.
 17782 | Lair:4   | Reached skill level 10 in Fighting
 18340 | Lair:4   | Noticed a death yak
 18342 | Lair:4   | Noticed a death yak
 18345 | Lair:4   | Noticed a death yak
 18348 | Lair:4   | Killed a death yak
 18350 | Lair:4   | Killed a death yak
 18351 | Lair:4   | Reached skill level 13 in Spellcasting
 18353 | Lair:4   | Killed a death yak
 18752 | Lair:4   | Reached XP level 13. HP: 24/106 MP: 0/0
 18752 | Lair:4   | Learned a level 5 spell: Manifold Assault
 19309 | Lair:5   | Noticed a catoblepas
 19323 | Lair:5   | Killed a catoblepas
 20202 | Lair:5   | Reached skill level 14 in Spellcasting
 21478 | Lair:6   | Entered Level 6 of the Lair of Beasts
 21709 | Lair:6   | Noticed a four-headed hydra
 21713 | Lair:6   | Killed a four-headed hydra
 21892 | Lair:6   | Reached XP level 14. HP: 60/121 MP: 0/0
 22531 | Lair:6   | Found a staircase to the Slime Pits.
 23681 | Lair:6   | Noticed a dire elephant
 23681 | Lair:6   | Noticed a dire elephant
 23681 | Lair:6   | Noticed a dire elephant
 23683 | Lair:6   | Identified the +11 quarterstaff of Glory {elec, rPois}
 23955 | Lair:6   | Identified the amulet of Usis {Reflect rElec rC+ rN+ SH+5}
 24091 | Lair:6   | Reached skill level 15 in Spellcasting
 24578 | Lair:5   | Killed a dire elephant
 25733 | Lair:6   | Slain by a dire elephant

Illustrated notes

Levels and vault maps discovered:
D:1:      enne_arrival_octagon_isle, layout_basic,
          chequers_serial_rivers_micro_a
D:2:      layout_loops_ring, dreamdust_ecumenical_altar_angels_and_demons,
          serial_shops, nicolae_shop_statue_plus
D:3:      layout_basic, gammafunk_ghost_split
D:4:      layout_rooms, cheibrodos_ashenzari_chains, uniq_sigmund,
          uniq_crazy_yiuf_cottage
D:5:      layout_basic
D:6:      layout_loops_corners, minmay_temple_entry_stoned_glass,
          uniq_blork_the_orc
D:7:      layout_loops_ring, gammafunk_ghost_wrathful_warriors,
          kennysheep_nondescript, uniq_duvessa
D:8:      minmay_the_grid_triangle_9x9_recursive_2
          [minmay_the_grid_triangle_9x9_prize_schism,
          minmay_the_grid_triangle_9x9_wacky_v,
          minmay_the_grid_triangle_9x9_zippers_horizontal,
          minmay_the_grid_triangle_9x9_from_above], layout_loops_cross,
          erik_lair_orcish_takeover, enter_bailey_5, uniq_maggie
Temple:   roderic_octagonal_lattice_temple
Lair:1:   layout_chaotic_city, chequers_serial_rivers_room_a,
          beast_lair_carwin_2, grunt_megastairs_1
Lair:2:   layout_small_grid, minmay_snake_entry_guardpost_small, basic_altar,
          grunt_megastairs_4, uniq_erica
Lair:3:   layout_regular_city, beast_lair_carwin_3, infiniplex_staircase_pool
Lair:4:   layout_gridlike, shoals_dummy_entry, lemuel_fruit_fields,
          grunt_megastairs_5
Lair:5:   layout_roguey, minmay_lair_oklob_chamber, grunt_megastairs_3
Lair:6:   due_jungle_book, layout_regular_city, minmay_slime_entry_pillars,
          chequers_serial_rivers_room_a

Skill      XL: |  1  2  3  4  5  6  7  8  9 10 11 12 13 14 |
---------------+-------------------------------------------+-----
Spellcasting   | 3 4 5 6 7 9 10 11 13 14 15 | 15.3
Fighting       | 2 4 7 9 10 11 12 | 12.9
Shields        | 2 4 |  4.0
Dodging        | |  2.1
Stealth        | |  1.5

Action                   |  1- 3 |  4- 6 |  7- 9 | 10-12 | 13-15 || total
-------------------------+-------+-------+-------+-------+-------++-------
Melee: Falchion          |       |       |       |       |     4 ||     4
 Cast: Sandblast         |    25 |     4 |       |       |       ||    29
       Stone Arrow       |       |    57 |   108 |   287 |   270 ||   722
       Petrify           |       |       |       |     5 |       ||     5
       Iskenderun's Batt |       |       |       |     6 |    34 ||    40
       Manifold Assault  |       |       |       |       |     1 ||     1
Invok: Curse Item        |       |       |     2 |     6 |     2 ||    10
       Shatter the Chain |       |       |       |     2 |       ||     2
  Use: Scroll            |       |       |       |     3 |     1 ||     4
Armor: Robe              |     1 |     5 |     5 |     8 |       ||    19
       Scale mail        |       |       |       |    42 |    53 ||    95
Dodge: Dodged            |     4 |    13 |    16 |    38 |    50 ||   121
Block: Buckler           |       |       |     5 |    27 |    30 ||    62
       Rpst.: Falchion   |       |       |     3 |    14 |     8 ||    25

Table legend: (Time is in decaauts)
 A = Elapsed time spent in this place.
 B = Non-inter-level travel time spent in this place.
 C = Inter-level travel time spent in this place.
 D = Time resting spent in this place.
 E = Time spent auto-exploring this place.
 F = Levels seen in this place.
 G = Mean time per level.
                   A        B        C        D        E       F      G
               +--------+--------+--------+--------+--------+-----+--------+
         Total |  25751 |  25080 |    671 |   3145 |  19332 |  16 | 1609.4 |
       Dungeon |  12744 |  12269 |    475 |   1463 |   9715 |   8 | 1593.0 |
        Temple |    308 |    305 |      3 |      0 |    284 |   1 |  308.0 |
          Lair |  12318 |  12126 |    192 |   1682 |   9067 |   6 | 2053.0 |
        Bailey |    379 |    379 |      0 |      0 |    266 |   1 |  379.0 |
               +--------+--------+--------+--------+--------+-----+--------+

Top non-repeatable levels by time:
  Lair:5: 3315 daAuts
  Lair:6: 3077 daAuts
     D:8: 2373 daAuts
     D:7: 1969 daAuts
  Lair:4: 1817 daAuts
  Lair:3: 1815 daAuts
     D:2: 1808 daAuts
     D:4: 1612 daAuts
     D:6: 1499 daAuts
  Lair:1: 1363 daAuts
     D:5: 1261 daAuts
     D:1: 1128 daAuts
     D:3: 1090 daAuts
  Lair:2: 927 daAuts
  Bailey: 379 daAuts
